 Dungeon Crawl Stone Soup version 0.30-a0-364-gf6b3ef1049 (webtiles) character file.

Game seed: 9040088322942704823

303 ytrimaz the Chopper (level 6, 0/47 HPs)
             Began as a Formicid Fighter on Nov 15, 2022.
             Slain by Pikel
             ... wielding a +1 whip of flaming
              (3 damage)
             ... on level 5 of the Dungeon.
             The game lasted 00:05:48 (3065 turns).

ytrimaz the Chopper (Formicid Fighter)              Turns: 3065, Time: 00:05:49

Health: 0/47       AC:  8    Str: 23    XL:     6   Next: 65%
Magic:  6/6        EV:  9    Int:  7    God:
Gold:   95         SH:  5    Dex: 13    Spells: 5/5 levels left

rFire   . . .      SeeInvis +    a - +0 war axe
rCold   . . .      Faith    .    c - +0 buckler
rNeg    . . .      Spirit   .    b - +0 scale mail
rPois   .          Reflect  .    (helmet unavailable)
rElec   .          Harm     .    (no cloak)
rCorr   .          Rampage  .    (no gloves)
Will    .....                    g - +0 pair of boots
Stlth   ..........               (no amulet)
HPRegen 0.27/turn                (no ring)
MPRegen 0.10/turn                (no ring)

@: mighty
A: permanent stasis, dig shafts and tunnels, antennae 3, four strong arms
a: Dig, Shaft Self


You were on level 5 of the Dungeon.
You visited 1 branch of the dungeon, and saw 5 of its levels.

You collected 95 gold pieces.


Innate Abilities, Weirdness & Mutations

You cannot be hasted, slowed, berserked, paralysed or teleported.
You can dig through walls and to a lower floor.
You have a pair of large antennae on your head. (SInv)
Your four strong arms can wield two-handed weapons with a shield.


   Skills:
 - Level 3.2 Fighting
 + Level 6.5 Axes
 - Level 3.2 Armour
 - Level 4.0 Shields


You had 5 spell levels left.
You didn't know any spells.
Your spell library contained the following spells:

 Spells                   Type           Power      Damage    Failure   Level
 Freeze                   Ice            0%         1d3       82%         1
 Necrotise                Necr           0%         1d4       82%         1
 Ensorcelled Hibernation  Hex/Ice        0%         N/A       91%         2
 Sublimation of Blood     Necr           0%         N/A       91%         2
 Frozen Ramparts          Ice            0%         1d1       99%         3
 Hailstorm                Conj/Ice       0%         3d3       99%         3
 Spider Form              Tmut/Pois      0%         N/A       99%         3
 Vampiric Draining        Necr           0%         2d6       99%         3
 Anguish                  Hex/Necr       0%         N/A       100%        4
 Freezing Cloud           Conj/Ice/Air   0%         6-21      100%        5
 Simulacrum               Ice/Necr       0%         N/A       100%        6
 Statue Form              Tmut/Erth      0%         N/A       100%        6
 Haunt                    Necr/Summ      0%         N/A       100%        7
 Polar Vortex             Ice            0%         N/A       100%        9

Inventory:

Hand Weapons
 a - a +0 war axe (weapon)
Armour
 b - a +0 scale mail (worn)
 c - a +0 buckler (worn)
 g - a +0 pair of boots (worn)
   (You found it on level 1 of the Dungeon)
Scrolls
 f - 2 scrolls of teleportation {unknown}
 h - 2 scrolls of butterflies {unknown}
 j - a scroll of poison
Potions
 d - a potion of might
 e - 2 potions of flight
 i - a potion of magic
 m - a potion of heal wounds {unknown}

Dungeon Overview and Level Annotations

Branches:
Dungeon (5/15) Zot: 26845
 Temple: D:4-7

Altars:
Hepliaklqana
The Shining One

Shops:
D:4 :

Annotations:
D:4 1 transporter, bigairbonus's ghost, weakling DsBe
D:5 Pikel

## .. { #.
#. #$ ##5##
#.5@#
..$.Y.#K5.#
.#### .5###
#.## #. #.
##


You could see Pikel, an ice beast and 4 lemures.


Message History

Unknown command.
You hit the adder. You block the adder's attack.
You closely miss the adder. You block the adder's attack. x2
You hit the adder but do no damage. The adder barely misses you. x2
You closely miss the adder. The adder bites you but does no damage.
You block the adder's attack.
Unknown command.
You miss the adder. You block the adder's attack.
You completely miss the adder. The adder barely misses you.
The adder bites you. 😕 HP[-3]
You take 3 damage, and now have 44/47 hp.
You hit the adder. The adder closely misses you.
Unknown command.
You closely miss the adder.
You block the adder's attack. x2 😕 HP[+1]
You closely miss the adder. The adder bites you but does no damage.
You barely miss the adder. The adder misses you. You block the adder's attack.
You closely miss the adder.
The adder bites you but does no damage. 😕 HP[+1] Unknown command.
An adder is nearby!
You hit the adder. The adder bites you but does no damage.
The adder bites you. 😕 HP[-1]
You take 1 damage, and now have 45/47 hp.
An adder is nearby!
Unknown command.
You slash the adder!
You kill the adder! 😕 HP[+1] No target in view!
Unknown command.
Key pressed, stopping explore.
Key pressed, stopping explore.
Partly explored, unvisited transporter. 😎 HP[+1]
Your hp is fully restored (47).
Partly explored, unvisited transporter.
Partly explored, unvisited transporter.
Partly explored, unvisited transporter.
Partly explored, unvisited transporter.
Partly explored, unvisited transporter.
There is a stone staircase leading down here.
You climb downwards.
Pikel shouts!
The lemure shouts! x3
There is a stone staircase leading up here.
There are monsters nearby!
There are monsters nearby!
There are monsters nearby!
You hit the lemure. You closely miss the lemure.
The lemure completely misses you. The lemure closely misses you.
You closely miss the lemure. You hit the lemure but do no damage.
You closely miss the lemure. The lemure hits you but does no damage.
The lemure misses you. The lemure hits you. 😕 HP[-3]
You take 3 damage, and now have 44/47 hp.
Unknown command.
You slash the lemure! You closely miss the lemure.
You hit the lemure but do no damage. You slash the lemure!
You block the lemure's attack. x2; The lemure hits you. x2
Pikel waves his whip at you. 😕 HP[-5]
You take 5 damage, and now have 39/47 hp.
You feel very mighty all of a sudden. The lemure hits you but does no damage.
The lemure hits you. The lemure hits you but does no damage.
The lemure misses you. 😮 HP[-5]
You take 5 damage, and now have 34/47 hp.
Unknown command.
You closely miss the lemure. x2; You slash the lemure!
You hit the lemure.
The lemure hits you but does no damage. x2
An ice beast comes into view.
The lemure closely misses you. The lemure hits you but does no damage.
You miss the lemure. You slash the lemure! You closely miss the lemure.
You hit the lemure. The lemure hits you!
The lemure hits you but does no damage. The lemure barely misses you.
The lemure hits you. The lemure hits you!
* * * LOW HITPOINT WARNING * * *
The lemure hits you but does no damage. The lemure hits you.
* * * LOW HITPOINT WARNING * * *
You are too injured to fight recklessly!
Unknown command. 😨 HP[-20]
You take 20 damage, and now have 14/47 hp.
MASSIVE DAMAGE!! (PAUSE)
You slash Pikel! You hit the lemure. You slash the lemure!
You barely miss the lemure. The lemure hits you.
* * * LOW HITPOINT WARNING * * *
The lemure hits you.
* * * LOW HITPOINT WARNING * * *
Pikel barely misses you. The lemure hits you!
* * * LOW HITPOINT WARNING * * *
😱 HP[-11]
You take 11 damage, and now have 3/47 hp.
MASSIVE DAMAGE!! (PAUSE)
Okay, then.
You hit Pikel. You barely miss the lemure. You completely miss the lemure.
You barely miss the lemure. The lemure hits you but does no damage.
Pikel hits you with a +1 whip of flaming.
You die...

Skill      XL: |  1  2  3  4  5  6 |
---------------+-------------------+-----
Axes           | 3 4 5 6 |  6.5
Fighting       | |  3.2
Armour         | |  3.2
Shields        | |  4.0

Action                   |  1- 3 |  4- 6 || total
-------------------------+-------+-------++-------
Melee: War axe           |   108 |   163 ||   271
  Use: Scroll            |     5 |     1 ||     6
       Potion            |       |     3 ||     3
Armor: Scale mail        |    47 |   119 ||   166
Dodge: Dodged            |    43 |    86 ||   129
Block: Buckler           |    28 |    64 ||    92

Levels and vault maps discovered:
D:1:      dpeg_arrival_rooms_with_view, layout_loops_ring,
          kennysheep_another_room, minmay_misc_feat_roman, serial_bayou_lagoon_a
D:2:      layout_loops_ring, basic_ecumenical_altar, skrybe_limestone_x
D:3:      layout_rooms, mainiacjoe_overflow_paths, minmay_misc_feat_tower,
          st_stairs_11, minmay_misc_feat_pillars, eino_tiny_chamber
D:4:      layout_cave_pods, nzn_hepliaklqana_mist_gate, gammafunk_ghost_smash,
          serial_shops, shop
D:5:      layout_loops_ring, uniq_prince_ribbit1, uniq_pikel

Notes
Turn   | Place    | Note
-------+----------+-------------------------------------------
     0 | D:1      | ytrimaz the Formicid Fighter began the quest for the Orb.
     0 | D:1      | Reached XP level 1. HP: 18/18 MP: 1/1
     0 | D:1      | magus.rc [v1.9.6]
   200 | D:1      | Reached XP level 2. HP: 24/24 MP: 2/2
   319 | D:1      | Reached skill level 3 in Axes
   538 | D:1      | Reached XP level 3. HP: 29/29 MP: 3/3
   676 | D:1      | magus.rc [v1.9.6]
   994 | D:2      | Found a faded altar of an unknown god.
  1234 | D:2      | Reached skill level 4 in Axes
  1234 | D:2      | Reached XP level 4. HP: 35/35 MP: 4/4
  1236 | D:2      | You fall into a shaft and drop 1 floor!
  1405 | D:3      | You pick up a book of Ice and begin reading...
  1405 | D:3      | You add the spells Freezing Cloud, Simulacrum and Polar
                  | Vortex to your library.
  1405 | D:3      | Found a glowing golden altar of the Shining One.
  1520 | D:3      | You add the spells Necrotise, Sublimation of Blood,
                  | Vampiric Draining, Statue Form and Haunt to your library.
  1520 | D:3      | Got the Treatise on Loathsome Earth
  1704 | D:3      | Reached XP level 5. HP: 41/41 MP: 5/5
  1813 | D:3      | Reached skill level 5 in Axes
  1954 | D:4      | Found Otreh's Book Shoppe.
  2017 | D:4      | Reached XP level 6. HP: 38/47 MP: 6/6
  2073 | D:4      | You pick up a book of Frost and begin reading...
  2073 | D:4      | You add the spells Freeze, Frozen Ramparts and Hailstorm to
                  | your library.
  2107 | D:4      | Reached skill level 6 in Axes
  2264 | D:4      | Found a transporter.
  2267 | D:4      | Noticed bigairbonus's ghost (weakling DsBe)
  2269 | D:4      | Noticed an ogre
  2269 | D:4      | Identified the +10 great mace "Idimey" {vorpal, *Rage rN++
                  | Int+5}
  2269 | D:4      | Noticed an ogre
  2271 | D:4      | Noticed an ogre
  2447 | D:4      | HP: 9/47 [hobgoblin (3)]
  2452 | D:4      | HP: 3/47 [orc/+3 short sword (6)]
  2867 | D:4      | Found a hazy altar of Hepliaklqana.
  2870 | D:4      | You pick up a book of Dreams and begin reading...
  2870 | D:4      | You add the spells Ensorcelled Hibernation, Spider Form and
                  | Anguish to your library.
  3057 | D:5      | Entered Level 5 of the Dungeon
  3057 | D:5      | Noticed Pikel
  3062 | D:5      | Noticed an ice beast
  3064 | D:5      | HP: 10/47 [lemure[Pikel] (3)]
  3064 | D:5      | HP: 3/47 [lemure[Pikel] (7)]
  3065 | D:5      | Slain by Pikel

Vanquished Creatures
  A jelly (D:4)
  2 orc priests (D:4)
  An orc wizard (D:4)
  7 adders
  A shadow imp (D:3)
  A worm (D:2)
  3 dart slugs
  14 orcs
  9 ball pythons
  5 endoplasms
  5 giant cockroaches
  9 goblins
  9 hobgoblins
  4 jackals (D:3)
  4 quokkas
  3 bats
  5 frilled lizards
  5 kobolds
  6 rats
94 creatures vanquished.

Vanquished Creatures (others)
  A plant (D:1)
1 creature vanquished.

Grand Total: 95 creatures vanquished

Table legend:
 A = Non-vault XP
 B = Vault XP
 C = Vault XP percentage of total XP
 D = Non-vault monster count
 E = Vault monster count
 F = Vault count percentage of total count
                 A         B        C        D         E       F
            +---------+---------+-------+---------+---------+-------
      Total |     426 |       7 |   1.6 |      90 |       4 |   4.3
            +---------+---------+-------+---------+---------+-------
        D:1 |      46 |       3 |   6.1 |      28 |       2 |   6.7
        D:2 |      20 |       0 |   0.0 |      10 |       0 |   0.0
        D:3 |     101 |       4 |   3.8 |      27 |       2 |   6.9
        D:4 |     259 |       0 |   0.0 |      25 |       0 |   0.0
            +---------+---------+-------+---------+---------+-------

Illustrated notes

Table legend:
 A = Kills in this place as a percentage of kills in entire the game.
 B = Kills by you in this place as a percentage of kills by you in the entire game.
 C = Kills by friends in this place as a percentage of kills by friends in the entire game.
 D = Other kills in this place as a percentage of other kills in the entire game.
 E = Experience gained in this place as a percentage of experience gained in the entire game.
 F = Experience gained in this place divided by the number of levels of this place that you have seen.
                   A       B       C       D       E      F
               +-------+-------+-------+-------+-------+----------------------
         Total | 100.0 | 100.0 |   N/A |   N/A | 100.0 |  86.6
       Dungeon | 100.0 | 100.0 |   N/A |   N/A | 100.0 |  86.6
               +-------+-------+-------+-------+-------+----------------------

Table legend: (Time is in decaauts)
 A = Elapsed time spent in this place.
 B = Non-inter-level travel time spent in this place.
 C = Inter-level travel time spent in this place.
 D = Time resting spent in this place.
 E = Time spent auto-exploring this place.
 F = Levels seen in this place.
 G = Mean time per level.
                   A        B        C        D        E       F      G
               +--------+--------+--------+--------+--------+-----+--------+
         Total |   3153 |   3001 |    152 |      0 |   2252 |   5 |  630.6 |
       Dungeon |   3153 |   3001 |    152 |      0 |   2252 |   5 |  630.6 |
               +--------+--------+--------+--------+--------+-----+--------+

Top non-repeatable levels by time:
     D:4: 1176 daAuts
     D:1: 949 daAuts
     D:3: 685 daAuts
     D:2: 332 daAuts
     D:5: 9 daAuts
